 Dungeon Crawl Stone Soup version 0.29.1-14-g9c671dbff4 (webtiles) character file.

Game seed: 12044100177689387663

11070 raph the Zephyrmancer (level 11, -4/64 HPs)
             Began as a Tengu Air Elementalist on Feb 20, 2023.
             Was an Elder of Kikubaaqudgha.
             Slain by a six-headed hydra (11 damage)
             ... on level 2 of the Lair of Beasts.
             The game lasted 00:21:08 (10996 turns).

raph the Zephyrmancer (Tengu Air Elementalist)     Turns: 10996, Time: 00:21:09

Health: -4/64      AC:  7    Str: 10    XL:     11   Next: 72%
Magic:  16/21      EV: 18    Int: 19    God:    Kikubaaqudgha [****..]
Gold:   956        SH:  0    Dex: 14    Spells: 1/22 levels left

rFire   + . .      SeeInvis .   a - +8 lajatang (spect)
rCold   . . .      Faith    .   (shield currently unavailable)
rNeg    . . .      Spirit   .   F - +0 steam dragon scales
rPois   .          Reflect  .   (helmet restricted)
rElec   .          Harm     .   E - +0 cloak
rCorr   .          Rampage  .   o - +0 pair of gloves
Will    .....                   (boots unavailable)
Stlth   ++........              G - amulet of the acrobat
HPRegen 0.20/turn               i - ring of protection from fire
MPRegen 0.17/turn               y - +4 ring of slaying

@: animating dead, flying quickly and evasively, studying Maces & Flails, quick
A: beak, talons 3, nimble flight
a: Renounce Religion, Unearth Wretches


You were on level 2 of the Lair of Beasts.
You worshipped Kikubaaqudgha.
Kikubaaqudgha was greatly pleased with you.
You visited 3 branches of the dungeon, and saw 11 of its levels.
You also visited: Ossuary and Bailey.

You collected 1052 gold pieces.
You spent 96 gold pieces at shops.

Inventory:

Hand Weapons
 a - a +8 spectral lajatang (weapon)
 d - a +0 vorpal dagger
Armour
 h - a +0 robe
 k - a +0 buckler
 o - a +0 pair of gloves (worn)
 B - a scarf of invisibility
 E - a +0 cloak (worn)
 F - +0 steam dragon scales (worn)
Magical Staves
 b - a staff of air
Jewellery
 i - a ring of protection from fire (left hand)
 p - a ring of protection from cold
 y - a +4 ring of slaying (right hand)
 z - an amulet of magic regeneration
 G - an amulet of the acrobat (around neck)
Wands
 q - a wand of charming (20)
 u - a wand of flame (24)
 w - a wand of digging (7)
 A - a wand of polymorph (13)
 K - a wand of roots (6)
Scrolls
 c - 4 scrolls of immolation
 f - 2 scrolls of magic mapping
 j - a scroll of brand weapon
 D - 2 scrolls of teleportation
 H - a scroll of amnesia
 J - a scroll of summoning
 L - 2 scrolls of blinking
 N - a scroll of enchant weapon
 O - 3 scrolls of poison
Potions
 e - 6 potions of mutation
 g - a potion of might
 l - 5 potions of curing
 m - 8 potions of lignification
 n - 6 potions of resistance
 r - 4 potions of flight
 s - 4 potions of ambrosia
 t - a potion of attraction
 v - 9 potions of heal wounds
 x - 6 potions of brilliance
 C - 3 potions of magic
 I - 3 potions of haste
 M - a potion of invisibility


   Skills:
 + Level 6.1 Fighting
 * Level 9.6 Staves
 + Level 7.4 Dodging
 - Level 2.8 Stealth
 + Level 6.2 Spellcasting
 - Level 5.0 Conjurations
 * Level 9.2 Necromancy
 + Level 9.6 Air Magic


You had one spell level left.
You knew the following spells:

 Your Spells              Type           Power      Damage    Failure   Level
a - Shock                 Conj/Air       100%       1d9       1%          1
b - Static Discharge      Conj/Air       33%        3-8/arc   1%          2
c - Swiftness             Air            42%        N/A       1%          3
d - Animate Dead          Necr           41%        N/A       2%          4
e - Airstrike             Air            21%        2d(3-19)  1%          4
f - Vampiric Draining     Necr           41%        2d8       1%          3
g - Anguish               Hex/Necr       11%        N/A       16%         4

Your spell library contained the following spells:

 Spells                   Type           Power      Damage    Failure   Level
 Magic Dart               Conj           100%       1d8       1%          1
 Necrotise                Necr           100%       1d9       1%          1
 Searing Ray              Conj           50%        2d6       1%          2
 Sublimation of Blood     Necr           41%        N/A       1%          2
 Dispel Undead            Necr           41%        3d16      2%          4
 Agony                    Necr           41%        N/A       7%          5
 Wereblood                Tmut           5%         N/A       17%         2
 Fulminant Prism          Conj/Hex       7%         3d7       36%         4
 Iskenderun's Mystic Bla  Conj/Tloc      15%        2d5       36%         4
 Death Channel            Necr           20%        N/A       36%         6
 Borgnjor's Vile Clutch   Necr/Erth      11%        N/A       41%         5
 Simulacrum               Ice/Necr       11%        N/A       94%         6
 Lee's Rapid Deconstruct  Erth           2%         3d6*      97%         5
 Summon Hydra             Summ           2%         N/A       100%        7


Dungeon Overview and Level Annotations

Branches:
Dungeon (8/15)             Temple (1/1) D:4            Lair (2/5) D:8
Ossuary (visited)          Bailey (visited)
  Swamp: Lair:2-3    Shoals: Lair:2-3     Snake: Lair:2-3    Spider: Lair:2-3

Altars:
Cheibriados
Dithmenos
Elyvilon
Fedhas
Gozag
Kikubaaqudgha
Okawaru
Qazlal
Trog
Xom
Yredelemnul

Shops:
D:4 !


Innate Abilities, Weirdness & Mutations

You have a beak for a mouth.
You have claws for feet.
Your magical nature lets you fly swiftly and evasively.


Message History

The bolt of electricity hits you!
The six-headed hydra bites the plant!
The plant begins to die.
The six-headed hydra bites the plant. x5
The six-headed hydra bites the plant! x2; The six-headed hydra bites the plant.
The six-headed hydra bites the plant!!
The six-headed hydra bites the plant! x2
Your cane toad zombie hits the plant!
The plant begins to die.
The electric eel shoots out a bolt of lightning at you!
The bolt of electricity misses you.
Something bites the plant.
Something bites the plant! x4; Something bites the plant.
The six-headed hydra bites the plant. x2; The six-headed hydra bites the plant! x3
The six-headed hydra bites the plant.
A nearby plant withers and dies.
The electric eel shoots out a bolt of lightning at you!
The bolt of electricity hits you. The bolt of electricity misses you.
You slice the electric eel!!
You kill the electric eel!
Kikubaaqudgha accepts your kill.
A nearby plant withers and dies.
Your yak zombie gores the six-headed hydra.
The six-headed hydra misses you. The six-headed hydra bites you!
The six-headed hydra misses you. The six-headed hydra bites you.
The six-headed hydra bites you but does no damage.
The six-headed hydra bites you.
Your yak zombie gores the six-headed hydra!
Your cane toad zombie closely misses the six-headed hydra.
Casting: Animate Dead (dangerous; 2% risk of failure)
Confirm with . or Enter, or press ? or * to list all spells.
Casting: Anguish (dangerous; 16% risk of failure)
Press: ? - help, Dir - look around, f - activate The six-headed hydra is haunted by guilt!
The six-headed hydra completely misses you.
The six-headed hydra bites you but does no damage.
The six-headed hydra bites you.
* * * LOW HITPOINT WARNING * * *
The six-headed hydra is wracked by anguish.
The six-headed hydra bites you!
* * * LOW HITPOINT WARNING * * *
The six-headed hydra is wracked by anguish!
The six-headed hydra bites you!
You die...
Kikubaaqudgha rasps: "You have failed me!
Welcome... death!"

# ####### ~~♣.♣~~≈≈≈♣#
~~♣.♣~~~≈≈≈#.♣
~.....~~~≈≈# .♣♣
...~...~~≈≈# ♣.♣
~~~...~≈~...~~~###∩##
~~...~≈~≈~.D.~~##...##
♣♣...P###.ZZ@♣♣#....<#
...?.#[.)#.....#>....#
♣♣...P###....♣♣#....<#
~~...~≈~≈~...~~##..†##
~~~...~≈~...~~~###∩##
≈≈~~...~...~~≈≈#♣♣.♣♣
≈≈~~~.....~~~≈≈#♣...♣
≈≈≈~~~♣.♣~~~≈≈≈#♣♣.♣♣
♣≈≈≈~~♣.♣~~≈≈≈♣#♣...♣


You could see a six-headed hydra (ally target, anguished), a friendly yak zombie
and a friendly cane toad zombie.

Vanquished Creatures
  An ice dragon (Lair:1)
  Erica (Lair:1)
  A black mamba (Lair:1)
  A gargoyle (D:7)
  2 cane toads
  A komodo dragon (Lair:1)
  Maggie (D:6)
  A rime drake (Lair:1)
  3 blink frogs (Lair:1)
  9 yaks
  Eustachio (D:5)
  2 wyverns
  2 steam dragons
  A basilisk (Lair:2)
  Grum (D:8)
  Duvessa (D:5)
  2 water moccasins (Lair:1)
  A sky beast (D:8)
  3 orc warriors
  2 black bears (D:6)
  2 ice beasts
  5 ogres
  7 wolves
  A centaur (D:8)
  A phantom (D:5)
  2 kobold brigands
  A necrophage (D:5)
  7 bullfrogs
  5 scorpions
  Dowan (D:5)
  A howler monkey (D:8)
  2 electric eels (Lair:2)
  5 hounds
  9 orc priests
  Crazy Yiuf (D:7)
  5 jellies
  Ijyb (D:5)
  A gnoll bouda (D:8)
  2 iguanas
  10 orc wizards
  8 mummies (Ossuary)
  15 gnolls
  14 adders
  2 white imps
  2 dart slugs
  45 orcs
  15 bats
  6 endoplasms
  A giant cockroach (D:1)
  16 goblins
  18 hobgoblins
  5 jackals
  8 quokkas
  7 ball pythons
  2 frilled lizards
  2 gnoll zombies (Ossuary)
  A hobgoblin zombie (Ossuary)
  30 kobolds
  5 kobold zombies (Ossuary)
  12 rats
320 creatures vanquished.

Vanquished Creatures (collateral kills)
  A bullfrog (D:6)
  3 butterflies (Lair:1)
4 creatures vanquished.

Vanquished Creatures (others)
  Prince Ribbit (D:7)
  2 yaks (Lair:1)
  A water moccasin (Lair:1)
  A black bear (Lair:1)
  A bullfrog (Lair:1)
  A water moccasin zombie (Lair:1)
  A bullfrog zombie (Lair:1)
  26 fungi
  32 plants
66 creatures vanquished.

Grand Total: 390 creatures vanquished

Notes
Turn   | Place    | Note
-------+----------+-------------------------------------------
     0 | D:1      | raph the Tengu Air Elementalist began the quest for the
                  | Orb.
     0 | D:1      | Reached XP level 1. HP: 10/10 MP: 4/4
   251 | D:1      | Reached XP level 2. HP: 15/15 MP: 1/6
   639 | D:1      | Learned a level 2 spell: Static Discharge
   767 | D:1      | Found a faded altar of an unknown god.
   784 | D:1      | Reached XP level 3. HP: 13/19 MP: 0/7
  1491 | D:2      | Learned a level 3 spell: Swiftness
  1952 | D:2      | Reached XP level 4. HP: 4/24 MP: 0/8
  2321 | D:2      | Identified a scroll of acquirement
  2321 | D:2      | Acquired a +4 spectral lajatang
  2778 | D:2      | Reached skill level 5 in Air Magic
  3034 | D:3      | Found a blossoming altar of Fedhas.
  3082 | D:3      | Found a stormy altar of Qazlal.
  3438 | D:4      | Gained mutation: Your magical nature lets you fly swiftly
                  | and evasively. [Tengu growth]
  3438 | D:4      | Reached XP level 5. HP: 28/28 MP: 9/9
  3445 | D:4      | Found Gafuc's Distillery.
  3475 | D:4      | Bought a potion of magic for 96 gold pieces
  3511 | D:4      | Reached skill level 1 in Fighting
  3511 | D:4      | Reached skill level 1 in Staves
  3514 | D:4      | Reached XP level 6. HP: 27/34 MP: 5/11
  3732 | D:4      | Reached XP level 7. HP: 35/39 MP: 12/12
  3812 | D:4      | Found a staircase to the Ecumenical Temple.
  3828 | Temple   | Entered the Ecumenical Temple
  3838 | Temple   | Became a worshipper of Kikubaaqudgha
  3937 | D:4      | Reached skill level 5 in Conjurations
  4019 | D:4      | Learned a level 4 spell: Animate Dead
  4189 | D:5      | Entered Level 5 of the Dungeon
  4256 | D:5      | Reached skill level 1 in Necromancy
  4281 | D:5      | Noticed Ijyb
  4289 | D:5      | Killed Ijyb
  4595 | D:5      | Found a shadowy altar of Dithmenos.
  4598 | D:5      | Reached XP level 8. HP: 38/45 MP: 12/14
  4699 | D:5      | Noticed Eustachio
  4703 | D:5      | Killed Eustachio
  4753 | D:5      | Noticed Duvessa
  4754 | D:5      | Noticed Dowan
  4762 | D:5      | Killed Dowan
  4762 | D:5      | Killed Duvessa
  5193 | D:5      | Learned a level 4 spell: Airstrike
  5209 | D:6      | Reached * piety under Kikubaaqudgha
  5209 | D:6      | Received a gift from Kikubaaqudgha
  5618 | D:6      | Reached skill level 5 in Staves
  5618 | D:6      | Reached XP level 9. HP: 43/51 MP: 16/16
  5781 | D:6      | Noticed Maggie
  5782 | D:6      | Found a white marble altar of Elyvilon.
  5789 | D:6      | Killed Maggie
  5790 | D:6      | Reached skill level 5 in Dodging
  5971 | D:6      | Reached skill level 5 in Necromancy
  6399 | D:7      | Found an iron altar of Okawaru.
  6667 | D:7      | Reached ** piety under Kikubaaqudgha
  6884 | D:7      | Found a flagged portal.
  6885 | D:7      | Noticed Prince Ribbit
  6888 | D:7      | Killed Prince Ribbit
  6897 | Bailey   | Entered a bailey
  6961 | Bailey   | Reached XP level 10. HP: 42/56 MP: 18/18
  7288 | Bailey   | Learned a level 3 spell: Vampiric Draining
  7524 | D:7      | Reached skill level 5 in Spellcasting
  7562 | D:7      | Found an opulent altar of Gozag.
  7562 | D:7      | Noticed a gargoyle
  7571 | D:7      | Killed a gargoyle
  7648 | D:7      | Found a runed translucent door.
  7649 | D:7      | Noticed Crazy Yiuf
  7653 | D:7      | Killed Crazy Yiuf
  8006 | D:8      | Reached *** piety under Kikubaaqudgha
  8006 | D:8      | Received a gift from Kikubaaqudgha
  8227 | D:8      | Identified the +2 war axe "Nothafun" {vamp, rF++ Int+3
                  | Stlth+}
  8264 | D:8      | Found a sand-covered staircase.
  8276 | Ossuary  | Entered an ossuary
  8644 | D:8      | Identified the +7 dagger of Vefacitoane {vamp, *Corrode
                  | Str+5}
  8644 | D:8      | Noticed Grum
  8649 | D:8      | Reached skill level 5 in Fighting
  8651 | D:8      | Killed Grum
  8833 | D:8      | Reached **** piety under Kikubaaqudgha
  9081 | D:8      | Found a staircase to the Lair.
  9335 | Lair:1   | Entered Level 1 of the Lair of Beasts
  9714 | Lair:1   | Noticed an ice dragon
  9724 | Lair:1   | Killed an ice dragon
  9725 | Lair:1   | Reached XP level 11. HP: 25/64 MP: 20/20
 10045 | Lair:1   | Noticed Erica
 10051 | Lair:1   | Killed Erica
 10711 | Lair:1   | Learned a level 4 spell: Anguish
 10986 | Lair:2   | Noticed a six-headed hydra
 10996 | Lair:2   | Slain by a six-headed hydra

Illustrated notes

Levels and vault maps discovered:
D:1:      dpeg_arrival_short_road, layout_basic,
          ebering_ecumenical_altar_abandoned
D:2:      layout_basic, minmay_tromino_v2
D:3:      cheibrodos_helix_gallery, layout_rooms, fedhas_altar_1,
          lemuel_crystal_altar
D:4:      old_forge, layout_rooms, minmay_temple_entry_gardened_gates,
          serial_shops, nicolae_shop_waterfront
D:5:      layout_cave_pools, grunt_dithmenos_shadows, minmay_manual_macuahuitl,
          uniq_eustachio, uniq_ijyb, uniq_duvessa
D:6:      layout_loops_cross, lemuel_round_altar, uniq_maggie
D:7:      layout_loops_ring, mainiacjoe_overflow_24_doors,
          mainiacjoe_overflow_alcove_4, enter_bailey_2, uniq_prince_ribbit1,
          uniq_crazy_yiuf_cottage
D:8:      corexii_shantytown, layout_rooms, grunt_lair_entry_orc_guard_hut,
          nicolae_ossuary_entry_plus, uniq_grum
Temple:   nicolae_temple_bog_church
Lair:1:   dragon1_lemuel, layout_cave_pods, lemuel_fruit_fields,
          grunt_megastairs_2, lemuel_fruit_fields, serial_bayou_shore_b,
          uniq_erica
Lair:2:   nzn_winding_woodlands_stair_trap [nzn_winding_woodlands_5x15_pool,
          nzn_winding_woodlands_5x15_sawtooth,
          nzn_winding_woodlands_5x15_jagged,
          nzn_winding_woodlands_15x15_eel_pit,
          nzn_winding_woodlands_5x15_river_crossing,
          nzn_winding_woodlands_5x15_longhouse,
          nzn_winding_woodlands_5x15_garden], layout_misc_corridors,
          spider_nest_entry_rubble, special_room [special_room_bee]

Skill      XL: |  1  2  3  4  5  6  7  8  9 10 11 |
---------------+----------------------------------+-----
Conjurations   | 2 3 4 5 |  5.0
Air Magic      | 5 6 7 8 9 |  9.6
Fighting       | 1 2 3 4 5 6 |  6.1
Staves         | 1 3 5 6 8 9 |  9.6
Dodging        | 3 4 5 6 7 |  7.4
Spellcasting   | 3 4 5 6 |  6.2
Necromancy     | 2 4 6 8 9 |  9.2
Stealth        | |  2.8

Action                   |  1- 3 |  4- 6 |  7- 9 | 10-12 || total
-------------------------+-------+-------+-------+-------++-------
Melee: Dagger            |    26 |       |       |       ||    26
       Kick              |     3 |     6 |    30 |    49 ||    88
       Peck              |     2 |     2 |    20 |    33 ||    57
       Lajatang          |       |    52 |    79 |   199 ||   330
 Cast: Shock             |    61 |    14 |    22 |    15 ||   112
       Static Discharge  |     4 |     7 |    17 |       ||    28
       Airstrike         |       |       |     3 |     2 ||     5
       Animate Dead      |       |       |     1 |     2 ||     3
       Anguish           |       |       |       |     1 ||     1
Invok: Unearth Wretches  |       |       |       |     2 ||     2
Evoke: Wand              |       |       |       |     2 ||     2
  Use: Scroll            |       |    14 |     5 |    11 ||    30
       Potion            |       |       |       |     1 ||     1
 Stab: Sleeping          |     3 |     3 |     2 |    19 ||    27
       Distracted        |       |       |       |     5 ||     5
Armor: Robe              |     7 |    15 |     4 |       ||    26
       Steam dragon scal |       |       |     4 |    24 ||    28
Dodge: Dodged            |    24 |    56 |    75 |   142 ||   297
